Map: Ever Dream LE

Players

SneakySnake - Winner!

  • Race: Terran Terran
  • League: Diamond
  • Spawn Location: 7:00

EuSuntAlaFa

  • Race: Zerg Zerg
  • League: Diamond
  • Spawn Location: 1:00

VOD

Have the link to the VOD?

Description

Time

  • Played on: May 16, 2020, 9:33 p.m.
  • Length: 15:55
Show
View Real Time Build Order
Export as new Build Order

SneakySnake Terran - Winner!

Build Orders: Gas First Reaper Expand, Mech 

Get SALT Encoding   

  12  0:01  SCV  
  13  0:13  SCV  
  14  0:17  Supply Depot  
  14  0:25  SCV  
  14  0:27  Refinery  
  15  0:38  SCV  
  16  0:45  Barracks  
  16  0:50  SCV  
  17  1:03  SCV  
  18  1:15  SCV  
  19  1:32  Reaper  
  21  1:33  Orbital Command  
  20  1:43  Command Center  
  20  1:55  Factory  
  20  1:59  SCV  
  21  2:12  SCV  
  21  2:14  Barracks Reactor  
  22  2:19  Supply Depot  
  22  2:29  SCV  
  22  2:44  SCV  
  23  2:55  Bunker, Orbital Command  
  23  2:56  SCV  
  23  2:58  Hellion x2  
  28  2:59  Starport  
  28  3:00  Barracks Tech Lab  
  28  3:10  Bunker  
  29  3:14  SCV  
  29  3:27  Marine x2  
  29  3:29  Refinery  
  29  3:30  Factory Tech Lab  
  29  3:31  Supply Depot  
  31  3:38  Starport Tech Lab  
  30  3:53  Marine x2  
  30  3:54  SCV, Cyclone  
  30  3:55  SCV  
  37  4:06  SCV  
  38  4:10  Supply Depot, Marine  
  38  4:11  Marine  
  38  4:13  Banshee  
  43  4:21  SCV  
  43  4:23  Supply Depot  
  44  4:30  Marine x2  
  46  4:34  SCV  
  46  4:35  Siege Tank  
  46  4:37  Bunker  
  50  4:55  SCV x2  
  50  4:56  Banshee  
  50  4:59  Marine  
  55  5:00  Marine  
  57  5:14  Siege Tank  
  57  5:17  SCV  
  57  5:18  SCV  
  62  5:21  Supply Depot  
  62  5:36  SCV x2  
  62  5:38  Viking  
  66  5:44  Supply Depot  
  66  5:48  Command Center  
  66  6:00  Marine x2  
  66  6:04  SCV x2  
  70  6:10  Factory  
  70  6:12  Factory  
  70  6:16  SCV x2  
  70  6:17  Refinery  
  72  6:19  Refinery  
  72  6:21  Engineering Bay  
  72  6:28  SCV, Refinery  
  73  6:37  Refinery  
  73  6:42  SCV x2  
  75  6:48  Armory  
  75  6:57  SCV x2  
  77  7:02  Starport Reactor  
  77  7:03  Missile Turret  
  77  7:05  Missile Turret x2  
  77  7:10  SCV  
  77  7:11  SCV, Missile Turret  
  77  7:13  Orbital Command  
  79  7:23  SCV x2  
  81  7:32  Hellion x2  
  81  7:35  Thor x2  
  97  7:41  SCV x2  
  99  7:53  Hellion  
  101  8:04  Factory  
  101  8:05  Factory  
  101  8:10  Supply Depot  
  101  8:12  Supply Depot  
  101  8:14  SCV x2  
  101  8:15  SCV, Hellion x2  
  100  8:26  SCV  
  101  8:27  Supply Depot  
  101  8:28  Supply Depot, Siege Tank, Medivac x2  
  101  8:31  SCV  
  101  8:32  Hellion  
  111  8:44  Hellion x2  
  115  8:53  Siege Tank  
  118  9:17  SCV  
  118  9:18  SCV  
  120  9:25  Siege Tank x2  
  120  9:26  Factory Reactor, Factory Tech Lab  
  126  9:35  Orbital Command  
  126  9:47  Viking x2  
  126  9:48  Siege Tank  
  126  9:49  SCV x2, Hellion x2  
  139  9:57  Hellion  
  141  10:03  Supply Depot x2, Refinery, Command Center  
  141  10:04  Terran Vehicle Weapons Level 1, Refinery  
  141  10:05  SCV x2, Siege Tank  
  146  10:18  SCV x2, Siege Tank  
  151  10:26  Siege Tank  
  154  10:30  SCV x2  
  154  10:33  Infernal Pre-Igniter  
  156  10:36  SCV  
  156  10:38  Siege Tank  
  156  10:42  SCV x2  
  162  10:48  SCV  
  163  10:50  Siege Tank  
  163  10:54  SCV  
  167  11:02  SCV x2, Bunker  
  169  11:06  SCV  
  170  11:12  Armory  
  170  11:15  Supply Depot x2  
  170  11:16  Supply Depot  
  170  11:18  Hellion x3, Siege Tank x2  
  182  11:19  Hellion  
  182  11:20  SCV  
  182  11:21  SCV x2  
  187  11:50  Siege Tank  
  187  11:51  Hellion x2, Siege Tank  
  187  11:52  Hellion  
  153  12:54  Hellion x2, Cyclone  
  153  12:55  Hellion x2  
  151  13:21  Liberator x2  
  151  13:22  Hellion  
  151  13:23  Hellion x2, Siege Tank x2  
  151  13:24  Hellion  
  170  13:27  Hellion  
  154  13:48  Hellion x4, Siege Tank  
  162  13:55  Siege Tank  
  162  13:56  Hellion  
  167  14:07  Hellion x5  
  167  14:17  Siege Tank  
  167  14:18  Hellion x3  
  167  14:20  Siege Tank  
  167  14:21  Viking x2  
  183  14:27  Hellion x5  
  183  14:29  Planetary Fortress  
  183  14:31  SCV x3  
  186  14:35  Command Center  
  186  14:36  Command Center  
  186  14:43  SCV x3  
  189  14:52  Siege Tank x2  
  197  14:53  Hellion x2  
  197  14:55  SCV  
  197  14:59  Factory  
  200  15:00  Factory  
  200  15:01  Starport  
  200  15:02  Starport  
  200  15:12  Missile Turret, Refinery x2  
  200  15:13  Missile Turret  
  200  15:22  Command Center  
  200  15:23  Refinery  
  200  15:25  Refinery  
Show
View Real Time Build Order
Export as new Build Order

EuSuntAlaFa Zerg 

Build Orders: Pool First, Lurkers 

Get SALT Encoding   

  12  0:01  Drone  
  13  0:12  Overlord  
  13  0:18  Drone  
  14  0:32  Drone x2  
  16  0:35  Drone  
  17  0:45  Spawning Pool  
  17  0:48  Drone  
  17  0:59  Drone  
  18  1:13  Hatchery  
  17  1:18  Extractor  
  17  1:19  Drone  
  17  1:20  Drone  
  19  1:32  Zergling x2  
  19  1:34  Queen  
  21  1:46  Roach Warren  
  21  1:47  Drone  
  21  1:53  Drone  
  22  2:04  Overlord  
  22  2:22  Queen  
  24  2:28  Roach x3  
  29  2:30  Queen  
  31  2:38  Drone x2  
  33  2:53  Overlord  
  33  2:55  Drone x3  
  36  3:03  Lair  
  36  3:16  Drone x3  
  36  3:17  Drone  
  40  3:21  Extractor  
  40  3:24  Drone x2  
  41  3:28  Overlord  
  42  3:41  Drone x3  
  42  3:42  Overlord  
  44  3:53  Drone x3  
  44  3:54  Drone  
  48  4:06  Extractor  
  48  4:07  Extractor  
  48  4:08  Drone x3  
  49  4:12  Spire  
  49  4:16  Overseer  
  48  4:27  Queen  
  48  4:30  Hatchery  
  49  4:31  Drone  
  49  4:32  Drone x2  
  52  4:42  Drone x4  
  52  4:43  Drone x2  
  58  4:47  Drone x2  
  60  4:57  Overlord x2  
  60  5:06  Spore Crawler  
  59  5:08  Spore Crawler  
  58  5:14  Baneling Nest, Glial Reconstitution  
  57  5:26  Spine Crawler, Drone x2  
  57  5:28  Overlord  
  58  5:29  Roach  
  58  5:32  Spine Crawler x2  
  58  5:37  Spine Crawler  
  58  5:39  Queen  
  59  5:54  Overlord x2  
  59  6:01  Roach x5  
  59  6:02  Roach  
  71  6:07  Drone x3  
  74  6:14  Drone x2  
  74  6:15  Infestation Pit  
  75  6:39  Spine Crawler  
  68  6:43  Roach  
  68  6:44  Roach x8  
  68  6:46  Overlord  
  85  6:53  Spore Crawler  
  84  7:02  Overlord x2  
  84  7:03  Roach  
  84  7:04  Roach  
  88  7:16  Spore Crawler, Drone  
  88  7:17  Drone x5  
  93  7:27  Roach x3  
  99  7:35  Hive  
  99  7:36  Drone  
  100  7:44  Centrifical Hooks  
  100  7:48  Pathogen Glands  
  100  7:49  Drone  
  100  7:50  Drone  
  102  8:01  Hydralisk Den  
  102  8:02  Overseer x3  
  101  8:08  Drone x3  
  101  8:09  Drone x3  
  101  8:11  Drone, Extractor  
  101  8:12  Extractor  
  106  8:13  Drone  
  106  8:15  Drone  
  106  8:18  Drone x2  
  110  8:20  Drone  
  110  8:23  Overlord  
  111  8:30  Pneumatized Carapace  
  111  8:31  Burrow  
  111  8:36  Muscular Augments  
  111  8:40  Lurker Den  
  110  8:45  Drone  
  110  8:46  Drone x4  
  110  8:47  Drone  
  116  9:18  Neural Parasite  
  116  9:20  Infestor x3  
  116  9:23  Overlord x4  
  122  9:26  Hatchery  
  121  9:37  Drone  
  122  9:39  Overlord x2  
  122  9:41  Spine Crawler  
  122  9:44  Spine Crawler  
  120  9:45  Spine Crawler  
  120  9:48  Spore Crawler, Grooved Spines  
  118  10:03  Infestor x2  
  118  10:04  Infestor x3  
  128  10:11  Hydralisk  
  128  10:12  Hydralisk x4  
  138  10:15  Zergling x2  
  138  10:16  Zergling x14  
  138  10:19  Metabolic Boost  
  146  10:30  Greater Spire  
  146  10:35  Drone x2  
  147  10:36  Drone x7  
  155  10:47  Hatchery  
  154  10:51  Baneling  
  154  10:52  Baneling x9  
  154  10:57  Seismic Spines  
  154  11:17  Unknown  
  153  11:33  Hydralisk  
  153  11:34  Hydralisk x9  
  173  11:46  Hydralisk  
  175  11:49  Overlord x3  
  175  11:50  Overlord x3  
  175  11:51  Overseer x3  
  175  11:54  Adaptive Talons  
  175  12:04  Spine Crawler  
  175  12:05  Spine Crawler  
  175  12:06  Spine Crawler  
  172  12:18  Zerg Flyer Armor Level 1  
  173  12:30  Lurker x8  
  173  12:33  Hydralisk x2  
  108  12:55  Roach  
  108  12:56  Roach  
  108  12:57  Roach x13  
  129  13:06  Lurker x2  
  129  13:07  Lurker  
  129  13:08  Zergling x12  
  59  13:49  Roach x9  
  59  13:50  Roach x5  
  91  14:03  Viper x2  
  91  14:05  Viper  
  96  14:23  Viper x2  
  99  14:25  Hydralisk x3  
  99  14:28  Zergling x8  
  112  14:32  Hatchery  
  111  15:04  Hydralisk  
  111  15:05  Hydralisk x5  
  123  15:09  Hatchery  
  123  15:12  Hatchery  
  121  15:15  Hydralisk  
  121  15:16  Hydralisk  
  121  15:20  Overlord  
  125  15:23  Viper  
Tags
 
Add a new tag
Caveats
  • Supply blocks, unpowered buildings, or Contaminate may cause inaccurate times.
  • Supply counts are checked every 10 seconds.